AoeStats
← Tristamen

Arena

508584185Analyzed
4v4 RM · 10d ago on Sep 23, 2026· 36m 19s· 8 players
Game mode
Random Map
Map size
Large (8 player)
Population
200
Speed
Normal
Resources
Standard
Victory
Conquest
Starting age
Dark Age
Ending age
Imperial Age
RankedLock teamsTeams togetherTeam positionsShared explorationLock speedFull tech treeHidden civsTurbo modeCheats
Victory
Defeat
🇺🇸 Celts · United States
1181
+10
🇺🇸 Gurjaras · United States
1121
+13
🇺🇸 Tupi · United States
1095
+14
🇺🇸 Franks · United States
1069
+15
🇵🇪 Vietnamese · Peru
1090
-15
🇵🇪 Goths · Peru
1079
-14
🇲🇽 Magyars · Mexico
1029
-12
🇺🇸 Varangians · United States
987
-11
Rasslord
0:26 Loom
14:08 Feudal Age
18:17 Castle Age
16:10 Double-Bit Axe
17:57 Wheelbarrow
17:07 Town Watch
17:19 Horse Collar
18:43 Gold Mining
18:43 Stone Mining
20:33 Bow Saw
22:58 Man-at-Arms
28:31 Gold Shaft Mining
28:59 Crossbowman
29:45 Thumb Ring
29:00 Elite Skirmisher
29:45 Long Swordsman
29:45 Pikeman
Bbullet2
10:18 Loom
12:03 Feudal Age
15:45 Castle Age
15:28 Horse Collar
15:35 Double-Bit Axe
21:35 Loom
31:31 Wheelbarrow
30:59 Loom
33:28 Gold Mining
33:29 Stone Mining
33:58 Hand Cart
Sumyil
9:40 Feudal Age
13:48 Loom
16:11 Castle Age
14:13 Double-Bit Axe
25:12 Pikeman
25:52 Squires
27:21 Forging
27:11 Scale Mail Armor
28:24 Wheelbarrow
27:53 Scale Mail Armor
30:24 Chain Mail Armor
30:44 Iron Casting
31:11 Iron Casting
35:15 Imperial Age
33:02 Hand Cart
jochizan
11:24 Feudal Age
15:52 Castle Age
14:05 Double-Bit Axe
15:24 Horse Collar
17:18 Wheelbarrow
17:01 Bow Saw
33:39 Loom
Tristamen
0:28 Loom
11:17 Feudal Age
12:57 Double-Bit Axe
18:50 Castle Age
18:01 Arson
20:36 Squires
20:43 Town Watch
21:57 Bow Saw
ray_quazaa
8:33 Loom
11:16 Feudal Age
18:00 Castle Age
17:13 Double-Bit Axe
17:26 Horse Collar
19:18 Fletching
32:13 Heavy Plow
32:26 Bow Saw
32:08 Gold Mining
SneakyJeff
11:17 Feudal Age
11:58 Double-Bit Axe
16:51 Castle Age
15:34 Gold Mining
15:40 Horse Collar
15:35 Man-at-Arms
16:27 Scale Mail Armor
28:16 Wheelbarrow
27:52 Bow Saw
27:52 Heavy Plow
28:25 Long Swordsman
29:45 Pikeman
34:44 Forging
34:56 Chain Mail Armor
34:33 Fletching
36:50 Iron Casting
mazerr88
11:05 Feudal Age
11:01 Loom
16:11 Castle Age
14:30 Double-Bit Axe
14:41 Horse Collar
17:47 Bow Saw
27:11 Heavy Plow
29:27 Wheelbarrow
30:18 Forging
30:36 Fervor
30:18 Town Watch
32:11 Hand Cart
33:35 Husbandry
33:46 Bloodlines
35:16 Light Cavalry
36:15 Kshatriyas
Connection lost

Rejoining the realm…

Still unreachable

The connection could not be restored.

Session expired

The server has moved on; the page needs a fresh start.